General information
- name: BNet
- type: Ladder team game (AT/RT)
- host: Battle.net
- saver: humankingtomvip
map: Deadlock
- players: 8
- length: 03:47
- speed: Fast
- version: 1.26 W3XP
- replay type: Public
» download(23 KB)
Players
team 1 (winner)
Tasty(wheat. (
red | 34 APM | 127 actions | 03:47)
1 Death Knight
1 Death Coil
» actions
| Assign group hotkey | 8 | |
| Build / train | 17 | |
| Enter build submenu | 6 | |
| Enter hero's abilities submenu | 1 | |
| Right click | 45 | |
| Select / deselect | 34 | |
| Select group hotkey | 8 | |
| Use ability | 8 | |
127 total
» units
| Acolyte | 2 | |
| Ghoul | 1 | |
| Crypt Fiend | 8 | |
11 total
» buildings
| Graveyard | 1 | |
| Crypt | 1 | |
| Ziggurat | 2 | |
| Altar of Darkness | 1 | |
| Nerubian Tower | 1 | |
| Tomb of Relics | 1 | |
7 total
» build order
00:22 Graveyard
00:24 Crypt
00:39 Ziggurat
00:57 Altar of Darkness
01:15 Ziggurat
01:35 Nerubian Tower
02:09 Tomb of Relics
» items
| Rod of Necromancy | 1 | |
| Dust of Appearance | 2 | |
3 total

»
tidebreaker (
purple | 44 APM | 166 actions | 03:47)
1 Priestess of the Moon
1 Searing Arrows
» actions
| Build / train | 16 | |
| Enter build submenu | 9 | |
| Enter hero's abilities submenu | 1 | |
| Right click | 50 | |
| Select / deselect | 79 | |
| Use ability | 11 | |
166 total
» units
» upgrades
» buildings
| Altar of Elders | 1 | |
| Moon Well | 3 | |
| Ancient of War | 2 | |
| Hunter's Hall | 1 | |
7 total
» build order
00:06 Altar of Elders
00:12 Moon Well
00:30 Ancient of War
01:32 Moon Well
02:02 Hunter's Hall
02:20 Ancient of War
02:33 Moon Well

»
Enigmos (
pink | 50 APM | 190 actions | 03:47)
1 Death Knight
1 Death Coil
» actions
| Assign group hotkey | 10 | |
| Build / train | 21 | |
| Enter build submenu | 10 | |
| Enter hero's abilities submenu | 1 | |
| Right click | 33 | |
| Select / deselect | 71 | |
| Select group hotkey | 38 | |
| Use ability | 6 | |
190 total
» units
| Acolyte | 2 | |
| Ghoul | 6 | |
| Crypt Fiend | 5 | |
13 total
» buildings
| Crypt | 1 | |
| Ziggurat | 3 | |
| Altar of Darkness | 1 | |
| Graveyard | 1 | |
| Nerubian Tower | 5 | |
11 total
» build order
00:06 Crypt
00:12 Ziggurat
00:37 Altar of Darkness
00:56 Graveyard
01:36 Ziggurat
02:16 Ziggurat
02:46 Nerubian Tower
02:47 Nerubian Tower
02:47 Nerubian Tower

»
DreadKnight187 (
orange | 25 APM | 96 actions | 03:47)
1 Crypt Lord
1 Carrion Beetles
» actions
| Build / train | 10 | |
| Enter build submenu | 6 | |
| Enter hero's abilities submenu | 1 | |
| Right click | 28 | |
| Select / deselect | 43 | |
| Use ability | 8 | |
96 total
» units
| Acolyte | 2 | |
| Ghoul | 3 | |
| Crypt Fiend | 3 | |
8 total
» buildings
| Ziggurat | 2 | |
| Altar of Darkness | 1 | |
| Graveyard | 1 | |
| Crypt | 2 | |
6 total
» build order
00:40 Ziggurat
00:43 Altar of Darkness
01:11 Graveyard
01:31 Crypt
01:51 Crypt
02:10 Ziggurat
team 2 (loser)

»
soGGy.WaFFle (
blue | 110 APM | 414 actions | 03:44)
1 Death Knight
1 Death Coil
» actions
| Assign group hotkey | 25 | |
| Basic commands | 4 | |
| Build / train | 16 | |
| Enter build submenu | 6 | |
| Enter hero's abilities submenu | 1 | |
| Right click | 78 | |
| Select / deselect | 40 | |
| Select group hotkey | 231 | |
| Use ability | 13 | |
414 total
» units
» buildings
| Crypt | 1 | |
| Graveyard | 1 | |
| Altar of Darkness | 1 | |
| Ziggurat | 2 | |
| Tomb of Relics | 1 | |
6 total
» build order
00:08 Crypt
00:13 Graveyard
00:30 Altar of Darkness
00:47 Ziggurat
01:08 Tomb of Relics
01:52 Ziggurat
» items
| Rod of Necromancy | 1 | |
| Dust of Appearance | 1 | |
2 total
lord_marduk (
yellow | 52 APM | 196 actions | 03:47)
1 Archmage
1 Summon Water Elemental
» actions
| Assign group hotkey | 10 | |
| Build / train | 18 | |
| ESC pressed | 1 | |
| Enter build submenu | 12 | |
| Enter hero's abilities submenu | 1 | |
| Right click | 44 | |
| Select / deselect | 58 | |
| Select group hotkey | 38 | |
| Use ability | 14 | |
196 total
» units
» upgrades
» buildings
| Farm | 4 | |
| Altar of Kings | 1 | |
| Barracks | 1 | |
| Scout Tower | 3 | |
| Arcane Tower | 1 | |
| Lumber Mill | 1 | |
| Arcane Vault | 1 | |
12 total
» build order
00:12 Farm
00:15 Altar of Kings
00:20 Barracks
00:49 Farm
01:37 Scout Tower
02:03 Farm
02:07 Arcane Tower
02:31 Scout Tower
02:44 Lumber Mill
02:48 Farm
03:03 Scout Tower
03:27 Arcane Vault
humankingtomvip (
green | 56 APM | 211 actions | 03:47)
1 Goblin Tinker
1 Pocket Factory
» actions
| Assign group hotkey | 23 | |
| Basic commands | 15 | |
| Build / train | 18 | |
| ESC pressed | 6 | |
| Enter build submenu | 5 | |
| Enter hero's abilities submenu | 1 | |
| Right click | 40 | |
| Select / deselect | 35 | |
| Select group hotkey | 48 | |
| Use ability | 20 | |
211 total
» units
» buildings
| Altar of Kings | 1 | |
| Farm | 3 | |
| Lumber Mill | 1 | |
5 total
» build order
00:20 Altar of Kings
00:27 Farm
01:00 Farm
01:13 Lumber Mill
01:52 Farm

»
ciaro (
teal | 25 APM | 93 actions | 03:47)
» actions
| Basic commands | 10 | |
| Build / train | 17 | |
| Enter build submenu | 7 | |
| Right click | 8 | |
| Select / deselect | 45 | |
| Use ability | 6 | |
93 total
» units
» upgrades
» buildings
| Moon Well | 3 | |
| Ancient of War | 1 | |
| Hunter's Hall | 1 | |
| Altar of Elders | 1 | |
6 total
» build order
00:48 Moon Well
01:15 Ancient of War
01:24 Hunter's Hall
01:42 Altar of Elders
01:59 Moon Well
03:08 Moon Well
Chat log
(00:10 / Allies) soGGy.WaFFle: 100g pls
(00:13 / Allies) humankingtomvip: stfu turd
(00:18 / Allies) soGGy.WaFFle: tom
(00:20 / Allies) soGGy.WaFFle: youre a fucking nerd
(00:21 / Allies) soGGy.WaFFle: stfu
(00:27 / Allies) lord_marduk: gryphs
(02:15 / All) soGGy.WaFFle:
(02:23 / All) tidebreaker:
(02:26 / All) Tasty(wheat.:
(02:27 / All) soGGy.WaFFle:
(02:30 / All) Enigmos:
(02:34 / All) soGGy.WaFFle:
(02:46 / All) tidebreaker: Seriously shut the fuck up
(02:49 / All) Enigmos:
(02:57 / All) soGGy.WaFFle: nice one nerd purple
(03:00 / All) soGGy.WaFFle:
(03:02 / All) Enigmos:
(03:06 / All) soGGy.WaFFle: :)
(03:09 / Allies) humankingtomvip: go back to northrend you filth
(03:10 / All) Enigmos:
(03:39 / Allies) soGGy.WaFFle: lol
(03:41 / Allies) soGGy.WaFFle: youre so cool
(03:43 / Allies) soGGy.WaFFle: like i care kid